 Dungeon Crawl Stone Soup version 0.25-b1-41-g19641232cd (webtiles) character file.

Game seed: 6960678824932727257

905 funkygono the Cudgeler (level 7, -2/61 HPs)
             Began as a Minotaur Fighter on June 8, 2020.
             Was an Initiate of Okawaru.
             Slain by an orc warrior
             ... wielding a +0 glaive
              (16 damage)
             ... on level 6 of the Dungeon.
             The game lasted 00:10:02 (4265 turns).

funkygono the Cudgeler (Minotaur Fighter)           Turns: 4265, Time: 00:10:02

Health: -2/61      AC: 13    Str: 23    XL:     7   Next: 80%
Magic:  6/6        EV:  6    Int:  5    God:    Okawaru [......]
Gold:   222        SH: 12    Dex: 15    Spells: 6/6 levels left

rFire    . . .     SeeInvis +   a - +0 flail
rCold    . . .     Gourm    .   c - +2 kite shield
rNeg     . . .     Faith    .   o - +0 chain mail
rPois    .         Spirit   .   (helmet restricted)
rElec    .         Reflect  .   (no cloak)
rCorr    .         Harm     .   s - +2 pair of gloves
MR       .....                  (no boots)
Stlth    ..........             (no amulet)
HPRegen  0.20/turn              k - ring of see invisible
MPRegen  0.10/turn              l - +6 ring of dexterity

@: no status effects
A: retaliatory headbutt, horns 2
a: Renounce Religion


You were on level 6 of the Dungeon.
You worshipped Okawaru.
Okawaru was noncommittal.
You were not hungry.

You visited 2 branches of the dungeon, and saw 8 of its levels.

You collected 222 gold pieces.

Inventory:

Hand Weapons
 a - a +0 flail (weapon)
 b - a +0 hand crossbow
Missiles
 j - 48 bolts (quivered)
Armour
 c - a +2 kite shield (worn)
 o - a +0 chain mail (worn)
 s - a +2 pair of gloves (worn)
Jewellery
 h - an uncursed ring of poison resistance
 k - a ring of see invisible (left hand)
 l - a +6 ring of dexterity (right hand)
Wands
 t - a wand of disintegration (13)
Scrolls
 e - 2 scrolls of teleportation
 g - 3 scrolls of amnesia
 i - a scroll of blinking
 m - a scroll of remove curse
 p - 2 scrolls of identify
 v - a scroll of magic mapping
 w - a scroll of fear
Potions
 d - a potion of might
 n - a potion of magic
 q - 3 potions of curing
 r - a potion of flight
 u - 2 potions of invisibility
 z - a potion of degeneration {unknown}
Comestibles
 f - 8 rations
 x - 6 chunks of flesh


   Skills:
 + Level 5.5 Fighting
 + Level 6.7 Maces & Flails
 + Level 3.9 Crossbows
 + Level 5.5 Armour
 + Level 1.0 Dodging
 + Level 5.3 Shields


You had 6 spell levels left.
You didn't know any spells.
Your spell library was empty.

Dungeon Overview and Level Annotations

Branches:
Dungeon (7/15)             Temple (1/1) D:6

Altars:
Ashenzari
Cheibriados
Dithmenos
Elyvilon
Gozag
Hepliaklqana
Kikubaaqudgha
Makhleb
Nemelex Xobeh
Okawaru
Qazlal
Ru
Sif Muna
Trog
Uskayaw
Vehumet
Wu Jian
Xom
Yredelemnul
Zin
The Shining One

Shops:
D:6 (


Innate Abilities, Weirdness & Mutations

You reflexively headbutt those who attack you in melee.
You have a pair of horns on your head.


Message History

You closely miss the orc warrior. Your headbutt misses the orc warrior.
The orc warrior is moderately wounded.
You block the orc warrior's attack.
You hit the orc warrior. Your headbutt misses the orc warrior.
The orc warrior is heavily wounded.
You block the orc warrior's attack.
You barely miss the orc warrior.
The orc warrior is heavily wounded.
You hit the orc warrior.
You headbutt the orc warrior, but do no damage.
The orc warrior is heavily wounded.
The orc warrior hits you with a +0 glaive!
You closely miss the orc warrior.
The orc warrior is heavily wounded.
The orc warrior hits you with a +0 glaive!
* * * LOW HITPOINT WARNING * * *
You sock the orc warrior! You headbutt the orc warrior.
The orc warrior is almost dead.
The orc warrior hits you with a +0 glaive!
You die...

...###
...............#
.....#
#...............#
...#
#.#####.........#
...# #.#
#.........# ..##
#.# #.........# ..#
###.###
#............ ###
###'###
#..####''#### #
######⌠.⌠####.##
#..#
#####....'.>.)(o@.#
#..#
⌠.⌠##.####⌠.⌠####.#
###.####### .∩..#.#
###+### #..+
..#.#..'.# ⌠.⌠.#.#
###.### #..+
#.#...'.# # #...).#
#.# #..#
##.####.### ##.####
#.# #?## #..# #....
#..# #.# #.. #..#
#...# ##... #..
######''# #####
..## #..#...#


You could see an orc warrior.

Vanquished Creatures
  An ogre (D:6)
  A centaur (D:5)
  Blork the orc (D:6)
  4 wights (D:7)
  A howler monkey (D:5)
  4 crimson imps
  2 orc priests (D:3)
  An orc wizard (D:3)
  4 worker ants
  A worker ant zombie (D:5)
  6 adders
  A shadow imp (D:5)
  An ooze (D:5)
  An adder zombie (D:5)
  An adder skeleton (D:4)
  3 worms (D:2)
  A dart slug (D:1)
  6 leopard geckos
  8 orcs
  5 giant cockroaches
  2 goblins
  7 hobgoblins
  2 jackals (D:3)
  5 kobolds
  A quokka (D:4)
  3 ball pythons
  4 bats
  5 frilled lizards
  A giant cockroach zombie (D:5)
  A leopard gecko skeleton (D:6)
  7 rats
91 creatures vanquished.

Vanquished Creatures (others)
  A wizard (D:3)
1 creature vanquished.

Grand Total: 92 creatures vanquished

Notes
Turn   | Place    | Note
-------+----------+-------------------------------------------
     0 | D:1      | funkygono the Minotaur Fighter began the quest for the Orb.
     0 | D:1      | Reached XP level 1. HP: 19/19 MP: 0/0
   253 | D:1      | Reached XP level 2. HP: 27/27 MP: 1/1
  1003 | D:2      | Reached XP level 3. HP: 33/33 MP: 2/2
  1268 | D:2      | Reached skill level 3 in Maces & Flails
  1441 | D:3      | Reached XP level 4. HP: 39/40 MP: 3/3
  1450 | D:3      | Reached skill level 4 in Maces & Flails
  1665 | D:3      | Reached XP level 5. HP: 31/47 MP: 4/4
  1945 | D:3      | Found a bloodstained altar of Trog.
  1965 | D:3      | Noticed a wizard
  1970 | D:3      | Killed a wizard
  2132 | D:4      | You fall into a shaft and drop 3 floors!
  2185 | D:7      | Reached skill level 5 in Maces & Flails
  2204 | D:7      | Reached XP level 6. HP: 53/53 MP: 5/5
  2215 | D:7      | Reached skill level 5 in Armour
  2272 | D:6      | Noticed an orc warrior
  2314 | D:5      | Entered Level 5 of the Dungeon
  2390 | D:5      | Reached skill level 5 in Shields
  2840 | D:4      | Reached skill level 6 in Maces & Flails
  2909 | D:5      | Reached skill level 5 in Fighting
  3092 | D:5      | Reached XP level 7. HP: 61/61 MP: 6/6
  3105 | D:5      | Reached skill level 1 in Crossbows
  3914 | D:5      | Upgraded the game from 0.25-b1-39-g0d900dab71 to
                  | 0.25-b1-41-g19641232cd
  3967 | D:6      | Reached skill level 1 in Dodging
  4017 | D:6      | Found Gewaun's Weapon Boutique.
  4049 | D:6      | Found a staircase to the Ecumenical Temple.
  4055 | Temple   | Entered the Ecumenical Temple
  4178 | Temple   | Became a worshipper of Warmaster Okawaru
  4219 | D:6      | Noticed Blork the orc
  4223 | D:6      | Killed Blork the orc
  4265 | D:6      | Slain by an orc warrior

Illustrated notes

Levels and vault maps discovered:
D:1:      dpeg_arrival_short_road, layout_basic
D:2:      layout_loops_ring, minmay_cupped
D:3:      layout_rooms, first_ration, trog_wizard
D:4:      layout_rooms
D:5:      layout_loops_corners, kennysheep_generic_room_2
D:6:      layout_rooms, fedhas_altar_1, temple_doors_e, serial_shops,
          shop_fountains, kennysheep_generic_room_4, uniq_blork_the_orc
D:7:      layout_layer_cave, basic_altar
Temple:   kilobyte_greek_temple

Skill      XL: |  1  2  3  4  5  6  7 |
---------------+----------------------+-----
Fighting       | 4 5 |  5.5
Armour         | 4 5 |  5.5
Shields        | 4 5 |  5.3
Maces & Flails | 3 4 5 6 |  6.7
Crossbows      | 3 |  3.9
Dodging        | 1 |  1.0

Action                   |  1- 3 |  4- 6 |  7- 9 || total
-------------------------+-------+-------+-------++-------
Melee: Flail             |    72 |   116 |    37 ||   225
       Headbutt          |    13 |    19 |    14 ||    46
 Fire: Hand crossbow     |       |    16 |    38 ||    54
  Use: Scroll            |    11 |     3 |     4 ||    18
  Eat: Chunk             |     2 |     3 |     2 ||     7
       Ration            |       |     1 |       ||     1
Armor: Scale mail        |     8 |       |       ||     8
       Chain mail        |    22 |    85 |    17 ||   124
Dodge: Dodged            |    11 |    31 |     9 ||    51
Block: Kite shield       |    32 |    61 |    20 ||   113
